| TOP OF THE 1ST |
|
Niagara Falls Phantoms batting - Pitching for Chester Pirates : RHP Shi-yu Man
|
|
Pitching: RHP Shi-yu Man
|
|
|
Batting: LHB Pete Cook
|
0-0: Called Strike 0-1: Foul Ball, location: 2F 0-2: Ball 1-2: Ball 2-2: Strikes out looking
|
|
Batting: RHB Danny Carrick
|
0-0: Called Strike 0-1: SINGLE (Line Drive, 7S, EV 84.4 MPH)
|
|
Batting: RHB Chris Horton
|
0-0: Fielders Choice at 2nd, 6-4 (Groundball, 6, EV 91.9 MPH)
|
|
Batting: RHB Peter Frankel
|
0-0: Fly out, F9 (Flyball, 9S, EV 91.2 MPH)
|
| Top of the 1st over - 0 runs, 1 hit, 0 errors, 1 left on base; Niagara Falls 0 - Chester 0 |
| BOTTOM OF THE 1ST |
|
Chester Pirates batting - Pitching for Niagara Falls Phantoms : RHP Javy Gonzalez
|
|
Pitching: RHP Javy Gonzalez
|
|
|
Batting: RHB Bob Buckler
|
0-0: Swinging Strike 0-1: Foul Ball, location: 2F 0-2: Ball 1-2: Strikes out swinging
|
|
Batting: RHB Rafael Galicia
|
0-0: Called Strike 0-1: Ball 1-1: Fly out, F8 (Line Drive, 8RM, EV 90.6 MPH)
|
|
Batting: RHB Zach Chmieleski
|
0-0: Swinging Strike 0-1: Ball 1-1: Foul Ball, location: 2F 1-2: Ball 2-2: Ball 3-2: Ground out 6-3 (Groundball, 6, EV 81.9 MPH)
|
| Bottom of the 1st over - 0 runs, 0 hits, 0 errors, 0 left on base; Niagara Falls 0 - Chester 0 |
| TOP OF THE 2ND |
|
Niagara Falls Phantoms batting - Pitching for Chester Pirates : RHP Shi-yu Man
|
|
Batting: LHB Luis Ponce
|
0-0: Called Strike 0-1: Ball 1-1: Called Strike 1-2: SOLO HOME RUN (Flyball, 89XD, EV 113.1 MPH), Distance : 437 ft
|
|
Batting: SHB Bruce Shelton
|
0-0: Ball 1-0: Fly out, F9 (Flyball, 89M, EV 86.9 MPH)
|
|
Batting: RHB Randy Joyce
|
0-0: Reached on error, E5 (Groundball, 56, EV 88.8 MPH)
|
|
Batting: SHB Ramon Werman
|
0-0: Called Strike 0-1: Fly out, F9 (Flyball, 89D, EV 93.8 MPH)
|
|
Batting: RHB Donald DeLisio
|
0-0: Foul Ball, location: 2F 0-1: Ball 1-1: Ball 2-1: Called Strike 2-2: Strikes out looking
|
| Top of the 2nd over - 1 run, 1 hit, 1 error, 1 left on base; Niagara Falls 1 - Chester 0 |
| BOTTOM OF THE 2ND |
|
Chester Pirates batting - Pitching for Niagara Falls Phantoms : RHP Javy Gonzalez
|
|
Batting: SHB Mike Corley
|
0-0: Called Strike 0-1: SINGLE (Groundball, 34S, EV 71.9 MPH) (infield hit)
|
|
Batting: RHB Matt Rangel
|
0-0: Fly out, F9 (Flyball, 9LD, EV 103.8 MPH)
|
|
Batting: LHB Sean Driscoll
|
0-0: Ball 1-0: Called Strike Mike Corley is caught stealing 2nd base 2-6 1-1: Ball 2-1: Ball 3-1: Base on Balls
|
|
Batting: SHB Thad Shearing
|
0-0: Ball 1-0: Called Strike 1-1: Ball 2-1: Foul Ball, location: 2F 2-2: Strikes out looking
|
| Bottom of the 2nd over - 0 runs, 1 hit, 0 errors, 1 left on base; Niagara Falls 1 - Chester 0 |
| TOP OF THE 3RD |
|
Niagara Falls Phantoms batting - Pitching for Chester Pirates : RHP Shi-yu Man
|
|
Batting: LHB Pete Cook
|
0-0: Ball 1-0: Ground out 6-3 (Groundball, 6, EV 85.0 MPH)
|
|
Batting: RHB Danny Carrick
|
0-0: Called Strike 0-1: Swinging Strike 0-2: Ball 1-2: Reached on error, E5 (Groundball, 56S, EV 80.6 MPH)
|
|
Batting: RHB Chris Horton
|
0-0: Ball 1-0: Called Strike 1-1: Foul Ball, location: 2F 1-2: Foul Ball, location: 2F 1-2: Strikes out swinging
|
|
Batting: RHB Peter Frankel
|
0-0: Ball 1-0: Ball 2-0: Called Strike 2-1: Swinging Strike 2-2: Ball 3-2: Ground out 6-3 (Groundball, 6, EV 83.8 MPH)
|
| Top of the 3rd over - 0 runs, 0 hits, 1 error, 1 left on base; Niagara Falls 1 - Chester 0 |
| BOTTOM OF THE 3RD |
|
Chester Pirates batting - Pitching for Niagara Falls Phantoms : RHP Javy Gonzalez
|
|
Batting: RHB Joe Stepnowski
|
0-0: Ball 1-0: Ball 2-0: Called Strike 2-1: Ball 3-1: Foul Ball, location: 2F 3-2: Strikes out swinging
|
|
Batting: RHB Freddy Mulholland
|
0-0: SINGLE (Groundball, 3D, EV 95.0 MPH)
|
|
Batting: RHB Bob Buckler
|
0-0: Ball 1-0: Called Strike 1-1: Ball 2-1: Fly out, F8 (Line Drive, 8RS, EV 91.9 MPH)
|
|
Batting: RHB Rafael Galicia
|
0-0: Ball 1-0: Swinging Strike 1-1: Foul Ball, location: 2F 1-2: Foul Ball, location: 2F 1-2: Ball 2-2: Foul Ball, location: 2F 2-2: Ball 3-2: SINGLE (Flyball, 4D, EV 91.2 MPH) Freddy Mulholland to second Freddy Mulholland to third
|
|
Batting: RHB Zach Chmieleski
|
0-0: Foul Ball, location: 2F 0-1: Ball 1-1: Called Strike 1-2: Strikes out swinging
|
| Bottom of the 3rd over - 0 runs, 2 hits, 0 errors, 2 left on base; Niagara Falls 1 - Chester 0 |
| TOP OF THE 4TH |
|
Niagara Falls Phantoms batting - Pitching for Chester Pirates : RHP Shi-yu Man
|
|
Batting: LHB Luis Ponce
|
0-0: Swinging Strike 0-1: Ball 1-1: Ball 2-1: Ball 3-1: Base on Balls
|
|
Batting: SHB Bruce Shelton
|
0-0: Called Strike 0-1: Ball 1-1: Ball 2-1: Fly out, F4 (Popup, 34D, EV 41.9 MPH)
|
|
Batting: RHB Randy Joyce
|
0-0: Called Strike 0-1: Ball 1-1: Fly out, F9 (Flyball, 89M, EV 93.1 MPH)
|
|
Batting: SHB Ramon Werman
|
0-0: Ground out 2-3 (Groundball, 15S, EV 68.8 MPH)
|
| Top of the 4th over - 0 runs, 0 hits, 0 errors, 1 left on base; Niagara Falls 1 - Chester 0 |
| BOTTOM OF THE 4TH |
|
Chester Pirates batting - Pitching for Niagara Falls Phantoms : RHP Javy Gonzalez
|
|
Batting: SHB Mike Corley
|
0-0: Ball 1-0: Ball 2-0: Ball 3-0: Called Strike 3-1: Ground out 4-3 (Groundball, 4, EV 92.5 MPH)
|
|
Batting: RHB Matt Rangel
|
0-0: Called Strike 0-1: Called Strike 0-2: Ball 1-2: Foul Ball, location: 2F 1-2: Ball 2-2: Strikes out looking
|
|
Batting: LHB Sean Driscoll
|
0-0: Ground out U3 (Groundball, 34S, EV 83.8 MPH)
|
| Bottom of the 4th over - 0 runs, 0 hits, 0 errors, 0 left on base; Niagara Falls 1 - Chester 0 |
| TOP OF THE 5TH |
|
Niagara Falls Phantoms batting - Pitching for Chester Pirates : RHP Shi-yu Man
|
|
Batting: RHB Donald DeLisio
|
0-0: Called Strike 0-1: Fly out, F9 (Flyball, 89XD, EV 88.1 MPH)
|
|
Batting: LHB Pete Cook
|
0-0: Called Strike 0-1: Ball 1-1: Foul Ball, location: 2F 1-2: Ball 2-2: Strikes out swinging
|
|
Batting: RHB Danny Carrick
|
0-0: Ball 1-0: Swinging Strike 1-1: Swinging Strike 1-2: Strikes out swinging
|
| Top of the 5th over - 0 runs, 0 hits, 0 errors, 0 left on base; Niagara Falls 1 - Chester 0 |
| BOTTOM OF THE 5TH |
|
Chester Pirates batting - Pitching for Niagara Falls Phantoms : RHP Javy Gonzalez
|
|
Batting: SHB Thad Shearing
|
0-0: Ball 1-0: Foul Ball, location: 2F 1-1: Ball 2-1: Ground out 4-3 (Groundball, 4, EV 87.5 MPH)
|
|
Batting: RHB Joe Stepnowski
|
0-0: Ball 1-0: Called Strike 1-1: Swinging Strike 1-2: Strikes out looking
|
|
Batting: RHB Freddy Mulholland
|
0-0: Called Strike 0-1: SINGLE (Line Drive, 56D, EV 100.6 MPH)
|
|
Batting: RHB Bob Buckler
|
0-0: Called Strike 0-1: Ball 1-1: Ball 2-1: Foul Ball, location: 2F 2-2: Ball 3-2: Foul Ball, location: 2F 3-2: DOUBLE (Line Drive, 8LXD, EV 102.5 MPH) Freddy Mulholland to third Freddy Mulholland scores
|
|
Batting: RHB Rafael Galicia
|
0-0: Ball 1-0: Ball 2-0: Fly out, F7 (Flyball, 7S, EV 91.9 MPH)
|
| Bottom of the 5th over - 1 run, 2 hits, 0 errors, 1 left on base; Niagara Falls 1 - Chester 1 |
| TOP OF THE 6TH |
|
Niagara Falls Phantoms batting - Pitching for Chester Pirates : RHP Shi-yu Man
|
|
Batting: RHB Chris Horton
|
0-0: Called Strike 0-1: Swinging Strike 0-2: Ball 1-2: Foul Ball, location: 2F 1-2: Ball 2-2: Foul Ball, location: 2F 2-2: Strikes out swinging
|
|
Batting: RHB Peter Frankel
|
0-0: Ball 1-0: SINGLE (Groundball, 4M, EV 110.6 MPH) (infield hit)
|
|
Batting: LHB Luis Ponce
|
0-0: Foul Ball, location: 2F 0-1: Ball 1-1: Ball 2-1: Swinging Strike 2-2: DOUBLE (Line Drive, 7LM, EV 93.8 MPH) Peter Frankel to third Runner from 3rd tries for Home, SAFE, throw by LF to home
|
|
Batting: SHB Bruce Shelton
|
0-0: Intentional Walk
|
|
Pitching: RHP Yong-taek Hoang
|
|
|
Pinch Hitting: RHB Alfredo Mendez
|
0-0: Called Strike 0-1: Foul Ball, location: 2F 0-2: Strikes out swinging
|
|
Batting: SHB Ramon Werman
|
0-0: Ball 1-0: Ball 2-0: Called Strike 2-1: Called Strike 2-2: Ball 3-2: Strikes out swinging
|
| Top of the 6th over - 1 run, 2 hits, 0 errors, 2 left on base; Niagara Falls 2 - Chester 1 |
| BOTTOM OF THE 6TH |
|
Chester Pirates batting - Pitching for Niagara Falls Phantoms : RHP Javy Gonzalez
|
|
Now at 1B: Ben Underwood
|
|
|
Batting: RHB Zach Chmieleski
|
0-0: Ball 1-0: Foul Ball, location: 2F 1-1: Ball 2-1: Foul Ball, location: 2F 2-2: Ball 3-2: Foul Ball, location: 2F 3-2: Foul Ball, location: 2F 3-2: SINGLE (Line Drive, 6MD, EV 101.2 MPH)
|
|
Batting: SHB Mike Corley
|
0-0: Ball 1-0: Ball Wild Pitch! Zach Chmieleski to second 2-0: Foul Ball, location: 2F 2-1: Foul Ball, location: 2F 2-2: DOUBLE (Line Drive, 89D, EV 109.4 MPH) Zach Chmieleski scores
|
|
Batting: RHB Matt Rangel
|
0-0: Ball 1-0: Swinging Strike 1-1: Foul Ball, location: 2F 1-2: Ground out U3 (Groundball, 3S, EV 91.9 MPH) Mike Corley to third
|
|
Batting: LHB Sean Driscoll
|
0-0: Intentional Walk
|
|
Batting: SHB Thad Shearing
|
0-0: Called Strike 0-1: Ball 1-1: Ball 2-1: Ball 3-1: Swinging Strike 3-2: Strikes out swinging
|
|
Pitching: RHP Gene Buxton
|
|
|
Batting: RHB Joe Stepnowski
|
0-0: Swinging Strike 0-1: Swinging Strike 0-2: Ball 1-2: Reached on error, E6 (Groundball, 6, EV 81.2 MPH) Mike Corley scores Sean Driscoll to second
|
|
Batting: RHB Freddy Mulholland
|
0-0: Ball 1-0: Swinging Strike 1-1: Ball 2-1: Ball 3-1: SINGLE (Line Drive, 34, EV 102.5 MPH) Sean Driscoll to third Joe Stepnowski to second
|
|
Batting: RHB Bob Buckler
|
0-0: Foul Ball, location: 2F 0-1: Ball 1-1: Called Strike 1-2: Foul Ball, location: 2F 1-2: Ball 2-2: Foul Ball, location: 2F 2-2: Ball 3-2: Fly out, F8 (Flyball, 8RS, EV 86.9 MPH)
|
| Bottom of the 6th over - 2 runs, 3 hits, 1 error, 3 left on base; Niagara Falls 2 - Chester 3 |
| TOP OF THE 7TH |
|
Niagara Falls Phantoms batting - Pitching for Chester Pirates : RHP Yong-taek Hoang
|
|
Batting: RHB Ryan Book
|
0-0: Ball 1-0: Called Strike 1-1: Called Strike 1-2: Foul Ball, location: 2F 1-2: Ball 2-2: Foul Ball, location: 2F 2-2: Ground out 5-3 (Groundball, 56, EV 83.8 MPH)
|
|
Batting: LHB Pete Cook
|
0-0: Ball 1-0: Called Strike 1-1: Foul Ball, location: 2F 1-2: Foul Ball, location: 2F 1-2: Strikes out swinging
|
|
Batting: RHB Danny Carrick
|
0-0: Ball 1-0: Ball 2-0: Called Strike 2-1: Foul Ball, location: 2F 2-2: Ground out 6-3 (Groundball, 56, EV 81.9 MPH)
|
| Top of the 7th over - 0 runs, 0 hits, 0 errors, 0 left on base; Niagara Falls 2 - Chester 3 |
| BOTTOM OF THE 7TH |
|
Chester Pirates batting - Pitching for Niagara Falls Phantoms : RHP Gene Buxton
|
|
Batting: RHB Rafael Galicia
|
0-0: Ground out 5-3 (Groundball, 5, EV 85.6 MPH)
|
|
Batting: RHB Zach Chmieleski
|
0-0: Ball 1-0: Foul Ball, location: 2F 1-1: Ball 2-1: Ball 3-1: Called Strike 3-2: SINGLE (Flyball, 56D, EV 95.6 MPH)
|
|
Batting: SHB Mike Corley
|
0-0: Fly out, F4 (Flyball, 34D, EV 87.5 MPH)
|
|
Batting: RHB Matt Rangel
|
0-0: Fielders Choice at 2nd, 6-4 (Groundball, 6, EV 86.9 MPH)
|
| Bottom of the 7th over - 0 runs, 1 hit, 0 errors, 1 left on base; Niagara Falls 2 - Chester 3 |
| TOP OF THE 8TH |
|
Niagara Falls Phantoms batting - Pitching for Chester Pirates : RHP Yong-taek Hoang
|
|
Batting: RHB Chris Horton
|
0-0: Called Strike 0-1: Called Strike 0-2: Reached on error, E6 (Groundball, 6, EV 80.0 MPH)
|
|
Batting: RHB Peter Frankel
|
0-0: Swinging Strike 0-1: Foul Ball, location: 2F 0-2: Ball 1-2: Strikes out swinging
|
|
Pitching: RHP Matt D'Alessandro
|
|
|
Batting: LHB Luis Ponce
|
0-0: Ball 1-0: Fielders Choice at 2nd, 5-4 (Groundball, 56, EV 88.1 MPH)
|
|
Batting: SHB Bruce Shelton
|
0-0: Fly out, F9 (Line Drive, 89M, EV 90.6 MPH)
|
| Top of the 8th over - 0 runs, 0 hits, 1 error, 1 left on base; Niagara Falls 2 - Chester 3 |
| BOTTOM OF THE 8TH |
|
Chester Pirates batting - Pitching for Niagara Falls Phantoms : RHP Gene Buxton
|
|
Batting: RHB Edwardo Tanchez
|
0-0: Fly out, F7 (Flyball, 7, EV 84.4 MPH)
|
|
Batting: SHB Thad Shearing
|
0-0: Hit by Pitch
|
|
Batting: RHB Joe Stepnowski
|
0-0: Swinging Strike 0-1: Ball 1-1: SINGLE (Groundball, 6D, EV 100.6 MPH) Thad Shearing to second
|
|
Batting: RHB Freddy Mulholland
|
0-0: Called Strike 0-1: Fly out, F8 (Flyball, 8RD, EV 93.8 MPH)
|
|
Pitching: RHP Jared Lesko
|
|
|
Batting: RHB Bob Buckler
|
0-0: Swinging Strike 0-1: Ball 1-1: Ball 2-1: Foul Ball, location: 2F 2-2: Ball 3-2: SINGLE (Line Drive, 4MD, EV 99.4 MPH) Thad Shearing to third Joe Stepnowski to second Thad Shearing scores Joe Stepnowski to third
|
|
Batting: RHB Rafael Galicia
|
0-0: Ball 1-0: Ball 2-0: Ball 3-0: Called Strike 3-1: Called Strike 3-2: Base on Balls Bob Buckler to second
|
|
Batting: RHB Zach Chmieleski
|
0-0: Ball Wild Pitch! Joe Stepnowski scores Bob Buckler to third Rafael Galicia to second 1-0: Ball 2-0: Foul Ball, location: 2F 2-1: Ball 3-1: Called Strike 3-2: Foul Ball, location: 2F 3-2: Ground out 6-3 (Groundball, 6S, EV 92.5 MPH)
|
| Bottom of the 8th over - 2 runs, 2 hits, 0 errors, 2 left on base; Niagara Falls 2 - Chester 5 |
| TOP OF THE 9TH |
|
Niagara Falls Phantoms batting - Pitching for Chester Pirates : RHP Matt D'Alessandro
|
|
Batting: RHB Ben Underwood
|
0-0: Ball 1-0: Ball 2-0: Called Strike 2-1: Fly out, F8 (Flyball, 8RS, EV 86.2 MPH)
|
|
Pinch Hitting: RHB Todd Wolters
|
0-0: Swinging Strike 0-1: Foul Ball, location: 2F 0-2: Ball 1-2: Strikes out swinging
|
|
Batting: RHB Ryan Book
|
0-0: Ball 1-0: Called Strike 1-1: Fly out, F3 (Popup, 3S, EV 81.9 MPH)
|
| Top of the 9th over - 0 runs, 0 hits, 0 errors, 0 left on base; Niagara Falls 2 - Chester 5 |
|